 Dungeon Crawl Stone Soup version 0.29.1-1-gd02db6906a (webtiles) character file.

Game seed: 17144763590824220101

170 MisterFreud the Trooper (level 5, -3/48 HPs)
             Began as a Hill Orc Artificer on Sept 17, 2022.
             Killed by divine providence
             ... invoked by an orc priest
              (15 damage)
             ... on level 4 of the Dungeon.
             The game lasted 00:05:38 (4414 turns).

MisterFreud the Trooper (Hill Orc Artificer)        Turns: 4414, Time: 00:05:38

Health: -3/48      AC:  8    Str: 17    XL:     5   Next: 50%
Magic:  5/5        EV:  7    Int: 11    God:
Gold:   91         SH:  0    Dex: 11    Spells: 4/4 levels left

rFire   + . .      SeeInvis .   k - +0 hand axe
rCold   + . .      Faith    .   (no shield)
rNeg    . . .      Spirit   .   q - +0 chain mail
rPois   +          Reflect  .   (no helmet)
rElec   +          Harm     .   f - scarf {shadows}
rCorr   +          Rampage  .   (no gloves)
Will    .....                   (no boots)
Stlth   ..........              (no amulet)
HPRegen 0.16/turn               l - ring of flight
MPRegen 0.09/turn               (no ring)

@: mighty, resistant, flying
A: no striking features
a: Convert to Beogh


You were on level 4 of the Dungeon.
You visited 1 branch of the dungeon, and saw 4 of its levels.

You collected 91 gold pieces.

Inventory:

Hand Weapons
 a - a +0 club
 k - a +0 hand axe (weapon)
 s - the +8 dagger of Stopping Woe {distort, Str+7 SInv}
   (You found it on level 3 of the Dungeon)

   It warps and distorts space around it, and may blink, banish, or inflict
   extra damage upon those it strikes.
   Unwielding it can cause banishment or high damage.
   Str:       It affects your strength (+7).
   SInv:      It lets you see invisible.
Missiles
 v - 5 boomerangs of dispersal
Armour
 b - a +0 leather armour
 f - a scarf of shadows (worn)
 q - a +0 chain mail (worn)
Jewellery
 l - a ring of flight (left hand)
Wands
 c - a wand of flame (14) (quivered)
 d - a wand of charming (15)
 e - a wand of iceblast (5)
Scrolls
 g - 3 scrolls of amnesia {unknown}
 h - 2 scrolls of butterflies {unknown}
 i - 5 scrolls of identify {unknown}
 j - 2 scrolls of immolation {unknown}
 n - a scroll of fear {unknown}
 o - a scroll of vulnerability {unknown}
 x - a scroll of teleportation {unknown}
Potions
 m - a potion of lignification {unknown}
 p - 2 potions of resistance
 r - a potion of curing
 t - a potion of might
 u - a potion of brilliance {unknown}
 w - a potion of ambrosia {unknown}


   Skills:
 + Level 5.4 Fighting
 - Level 2.1 Armour
 - Level 0.7 Dodging
 - Level 0.7 Stealth
 - Level 4.0 Evocations


You had 4 spell levels left.
You didn't know any spells.
Your spell library contained the following spells:

 Spells                   Type           Power      Damage    Failure   Level
 Ensorcelled Hibernation  Hex/Ice        0%         N/A       100%        2
 Passwall                 Tmut/Erth      0%         N/A       100%        2
 Swiftness                Air            0%         N/A       100%        3


Dungeon Overview and Level Annotations

Branches:
Dungeon (4/15)
 Temple: D:4-7

Altars:


Message History

You barely miss the orc. The orc closely misses you.
The orc wizard hits you but does no damage.
You hit the orc wizard but do no damage.
The orc wizard is severely wounded.
You hit the orc. The orc barely misses you.
The orc wizard hits you with a +0 dagger.
The orc wizard casts a spell.
The orc wizard flickers and vanishes!
Deactivating autopickup; reactivate with Ctrl-A.
The orc barely misses you.
The orc priest calls down the wrath of Beogh upon you.
Beogh smites you!
* * * LOW HITPOINT WARNING * * *
You hit something but do no damage.
The orc priest threatens, "By the altar or by the axe, you will meet Beogh!"
You hit the orc.
You kill the orc!
The orc priest calls down the wrath of Beogh upon you.
Something writhes in agony!
Reactivating autopickup.
You feel a bit more experienced.
Unknown command.
Unknown command.
Unknown command.
It was a potion of resistance.
You feel protected.
It was a potion of might.
You feel very mighty all of a sudden.
The orc priest begins to cast a cantrip, but forgets the words!
You barely miss the orc priest. The orc priest barely misses you.
You slash the orc priest!
The orc priest is heavily wounded.
The orc priest shouts, "Join the one true god or die!"
The orc priest closely misses you.
The orc priest hits you but does no damage.
You barely miss the orc priest.
The orc priest is heavily wounded.
The orc priest mumbles some strange prayers to Beogh against you.
Beogh smites you!
You die...

## ##.# #..# ##..# #.
# #...##.. # #.
##......# .# #
.##.###....# ##.#.#
......#.#)## ###.....
........#@# ##.....#..
.......##o###........#
....o....o##.........#
.....................#
............†.........
......#...............
.#..###..............#
..# #......†........
.$ #.......)<.......


You could see an orc priest and an orc.

Vanquished Creatures
  A hound (D:4)
  Jessica (D:2)
  4 adders
  2 worms (D:3)
  A dart slug (D:1)
  An orc (D:4)
  3 endoplasms
  3 giant cockroaches
  2 goblins
  6 hobgoblins
  2 jackals
  5 quokkas
  5 ball pythons
  5 bats
  4 frilled lizards
  5 kobolds
  3 rats
53 creatures vanquished.

Vanquished Creatures (others)
  An orc wizard (D:4)
1 creature vanquished.

Grand Total: 54 creatures vanquished

Notes
Turn   | Place    | Note
-------+----------+-------------------------------------------
     0 | D:1      | MisterFreud the Hill Orc Artificer began the quest for the
                  | Orb.
     0 | D:1      | Reached XP level 1. HP: 16/16 MP: 1/1
     1 | D:1      | Noticed an electric eel
   664 | D:1      | Reached skill level 2 in Fighting
   664 | D:1      | Reached XP level 2. HP: 10/24 MP: 2/2
  1194 | D:1      | Found a faded altar of an unknown god.
  1719 | D:1      | HP: 1/24 [giant cockroach (2)]
  2296 | D:2      | Reached XP level 3. HP: 26/30 MP: 3/3
  2374 | D:2      | Noticed Jessica
  2384 | D:2      | Killed Jessica
  2385 | D:2      | Reached skill level 3 in Fighting
  2671 | D:2      | Reached XP level 4. HP: 35/38 MP: 4/4
  3807 | D:3      | Reached skill level 4 in Fighting
  3890 | D:3      | Identified the +8 dagger of Stopping Woe {distort, Str+7
                  | SInv}
  4370 | D:4      | Reached XP level 5. HP: 45/47 MP: 5/5
  4406 | D:4      | Reached skill level 5 in Fighting
  4414 | D:4      | Killed from afar by an orc priest

Illustrated notes

Levels and vault maps discovered:
D:1:      arrival_aquarium_a, layout_basic, nicolae_ecumenical_lake_church,
          st_stairs_5, minmay_tree_intersection
D:2:      layout_rooms, dreamdust_wishing_well, minmay_misc_feat_columns,
          minmay_tromino_v4_c, uniq_jessica
D:3:      layout_basic, minitemple
D:4:      layout_rooms, lemuel_crystal_altar

Skill      XL: |  1  2  3  4  5 |
---------------+----------------+-----
Fighting       | 2 3 4 5 |  5.4
Evocations     | 4 |  4.0
Armour         | |  2.1
Dodging        | |  0.7
Stealth        | |  0.7

Action                   |  1- 3 |  4- 6 || total
-------------------------+-------+-------++-------
Melee: Club              |   101 |       ||   101
       Hand axe          |    37 |   122 ||   159
       Punch             |     1 |       ||     1
Evoke: Wand              |     1 |       ||     1
  Use: Potion            |       |     3 ||     3
Armor: Leather armour    |    57 |    19 ||    76
       Chain mail        |       |    55 ||    55
Dodge: Dodged            |   136 |    78 ||   214
